 Dungeon Crawl Stone Soup version 0.18-a0-1577-gf591c28 (webtiles) character file.

44 namelastname112 the Insei (level 3, -4/31 HPs)
             Began as a Draconian Monk on Mar 22, 2016.
             Slain by a worm (12 damage)
             ... on level 2 of the Dungeon.
             The game lasted 00:01:41 (1356 turns).

namelastname112 the Insei (Draconian Monk)          Turns: 1356, Time: 00:01:41

Health: -4/31      AC:  5    Str: 13    XL:     3   Next: 41%
Magic:  3/3        EV: 13    Int: 10    God:
Gold:   45         SH:  0    Dex: 14    Spells: 0 memorised, 2 levels left

rFire  . . .     SeeInvis .     g - +1 dagger (venom)
rCold  . . .     Gourm    .     (armour unavailable)
rNeg   . . .     Faith    .     (no shield)
rPois  .         Spirit   .     (helmet restricted)
rElec  .         Dismiss  .     (no cloak)
rCorr  .         Reflect  .     (no gloves)
SustAt .         Harm     .     (no boots)
MR     .....                    (no amulet)
Stlth  ++........               (no ring)
                                (no ring)

@: not resistant to hostile enchantments, unstealthy
A: unfitting armour, cold-blooded, AC +5
a: no special abilities


You were on level 2 of the Dungeon.
You were not hungry.

You visited 1 branch of the dungeon, and saw 2 of its levels.

You collected 45 gold pieces.

Inventory:

Hand Weapons
 g - a +1 dagger of venom (weapon)
Missiles
 i - 2 throwing nets (quivered)
Scrolls
 b - 3 scrolls of identify {unknown}
 c - a scroll of remove curse {unknown}
 e - 2 scrolls of immolation {unknown}
 f - a scroll of enchant armour {unknown}
 h - 2 scrolls of teleportation {unknown}
 l - a scroll of magic mapping {unknown}
Potions
 j - 2 potions of ambrosia {unknown}
 m - 2 potions of invisibility {unknown}
Comestibles
 a - 4 bread rations
 d - 2 meat rations
 k - 2 chunks of flesh


   Skills:
 - Level 3.2 Fighting
 - Level 2.6 Dodging
 - Level 1.7 Stealth
 + Level 5.2 Unarmed Combat


You had 2 spell levels left.
You didn't know any spells.

Dungeon Overview and Level Annotations

Branches:
Dungeon (2/15)

Altars:
Elyvilon
Xom


Innate Abilities, Weirdness & Mutations

Your plain brown scales are hard (AC +5).
Your body does not fit into most forms of armour.
You are cold-blooded and may be slowed by cold attacks.


Message History

You skewer the ooze like a kebab!
The ooze is severely wounded!
The ooze hits you!
You perforate the ooze like a sieve!
The ooze is almost dead!
The ooze barely misses you! The worm bites you!!! * * * don't die
* * * You are too injured to fight recklessly!!!
You are too injured to fight recklessly!!!
You are too injured to fight recklessly!!!
You are too injured to fight recklessly!!!
You are too injured to fight recklessly!!!
You are too injured to fight recklessly!!!
There are monsters nearby!!!
There are monsters nearby!!!
You annihilate the ooze!!!
You stick the worm like a pincushion!
The worm is poisoned!
The worm is lightly wounded!
The worm bites you!!! rip

##..###..###.# #.##...#
#.......# #.# #.#....#
..######†###..# #.# #....<.#
........(###.#....#####.......
#.#####......##.#.............
###...#####.#.######.#)..#
#.........# # #.#...#
#.##.####.# #.##### #. #.# #@#
#.# # #.# #w# #.# #.# ##.##
#.# #.# #...# #.#
#...........# #.# #
#####...##..# #.# # ##.## .#
#.# # #.. .. #.. #


You could see a worm.

Vanquished Creatures
  An ooze (D:2)
  2 giant cockroaches (D:2)
  4 goblins
  9 hobgoblins
  3 jackals (D:2)
  2 quokkas (D:2)
  2 bats
  3 giant newts
  2 kobolds (D:1)
  8 rats
36 creatures vanquished.

Notes
Turn   | Place    | Note
--------------------------------------------------------------
     0 | D:1      | namelastname112 the Draconian Monk began the quest for the Orb.
     0 | D:1      | Reached XP level 1. HP: 19/19 MP: 1/1
   271 | D:1      | Reached XP level 2. HP: 20/26 MP: 2/2
  1023 | D:2      | Found a white marble altar of Elyvilon.
  1122 | D:2      | Found a shimmering altar of Xom.
  1127 | D:2      | Reached skill level 5 in Unarmed Combat
  1135 | D:2      | Reached XP level 3. HP: 29/31 MP: 3/3
  1356 | D:2      | Slain by a worm

Vault maps used:
D:1:      dpeg_chamrin_arrival_tetris, nrook_mini_backslash
D:2:      tgw_xom, lemuel_coloured_pillars_altar, fedhas_altar_fruit_tree,
          uniq_sigmund

Skill      XL: |  1  2 |
---------------+-------+-----
Unarmed Combat | 5 |  5.2
Fighting       | |  3.2
Dodging        | |  2.6
Stealth        | |  1.7

Action                   || total
-------------------------++-------
Melee: Unarmed           ||    30
       Dagger            ||    71
 Stab: Sleeping          ||     2
  Eat: Chunk             ||     1
